 Dungeon Crawl Stone Soup version 0.27-a0-1325-g58a489ad9e (webtiles) character file.

Game seed: 16901720126561363961

203 siradein the Slasher (level 5, 0/38 HPs)
             Began as a Demonspawn Gladiator on June 25, 2021.
             Slain by Natasha (5 damage)
             ... on level 3 of the Dungeon.
             The game lasted 00:05:25 (2053 turns).

siradein the Slasher (Demonspawn Gladiator)         Turns: 2053, Time: 00:05:26

Health: 0/38       AC:  7    Str: 15    XL:     5   Next: 51%
Magic:  5/5        EV: 12    Int:  9    God:
Gold:   76         SH:  0    Dex: 15    Spells: 4/4 levels left

rFire    . . .     SeeInvis .   a - +0 long sword
rCold    . . .     Faith    .   (no shield)
rNeg     . . .     Spirit   .   b - +0 leather armour
rPois    .         Reflect  .   c - +0 helmet
rElec    .         Harm     .   (no cloak)
rCorr    .         Rampage  .   i - +0 pair of gloves
Will     .....                  (no boots)
Stlth    +.........             (no amulet)
HPRegen  0.12/turn              (no ring)
MPRegen  0.09/turn              (no ring)

@: no status effects
A: talons 2, icy blue scales 1
a: no special abilities


You were on level 3 of the Dungeon.
You visited 1 branch of the dungeon, and saw 3 of its levels.

You collected 76 gold pieces.

Inventory:

Hand Weapons
 a - a +0 long sword (weapon)
Missiles
 d - 3 throwing nets (quivered)
Armour
 b - a +0 leather armour (worn)
 c - a +0 helmet (worn)
 i - a +0 pair of gloves (worn)
Jewellery
 j - an amulet of magic regeneration
Wands
 k - a wand of paralysis (6)
Scrolls
 f - 2 scrolls of magic mapping {unknown}
 h - 2 scrolls of fear {unknown}
Potions
 e - a potion of haste {unknown}
 g - a potion of mutation {unknown}


   Skills:
 - Level 2.0 Fighting
 + Level 5.7 Long Blades
 - Level 1.7 Throwing
 - Level 2.6 Dodging


You had 4 spell levels left.
You didn't know any spells.
Your spell library contained the following spells:

 Spells                   Type           Power      Damage    Failure   Level
 Confusing Touch          Hex            0%         N/A       83%         3
 Gell's Gravitas          Tloc           0%         N/A       83%         3
 Petrify                  Tmut/Erth      0%         N/A       99%         4
 Metabolic Englaciation   Hex/Ice        0%         N/A       100%        5
 Yara's Violent Unravell  Hex/Tmut       0%         3d3       100%        5


Dungeon Overview and Level Annotations

Branches:
Dungeon (3/15)

Altars:
Cheibriados

Portals:
Sewer: D:3

Annotations:
D:3 Natasha


Innate Abilities, Weirdness & Mutations

You have razor-sharp toenails.
You are partially covered in icy blue scales. (AC +2)


Message History

You feel less confused.
Natasha mumbles some strange words.
The crimson imp blinks!
The orc wizard casts a spell.
The orc wizard flickers and vanishes!
Deactivating autopickup; reactivate with Ctrl-A.
The crimson imp puffs mist at you.
You closely miss something. Something barely misses you.
You hit something.
Reactivating autopickup.
You feel a bit more experienced. Natasha barely misses you.
You riposte.
You hit Natasha but do no damage. You barely miss Natasha.
Your kick misses Natasha. Natasha claws you but does no damage.
The crimson imp blinks!
You hit Natasha. You claw Natasha.
Natasha is lightly wounded.
Natasha claws you.
* * * LOW HITPOINT WARNING * * *
You closely miss Natasha. Your kick misses Natasha.
Natasha is lightly wounded.
Natasha stares at you and mumbles some strange words.
You resist with some effort.
The white imp shouts, "Scamper away, thou surly miscreant fleecer!"
You closely miss Natasha. You claw Natasha.
Natasha is lightly wounded.
Natasha claws you.
* * * LOW HITPOINT WARNING * * *
The crimson imp summons a swarm of flies.
You barely miss Natasha. Your kick misses Natasha.
Natasha is lightly wounded.
Natasha claws you.
* * * LOW HITPOINT WARNING * * *
You completely miss Natasha.
Natasha is lightly wounded.
Natasha claws you.
* * * LOW HITPOINT WARNING * * *
You closely miss Natasha. Your kick misses Natasha.
Natasha is lightly wounded.
Natasha claws you.
You die...

. # #.# ##.#. #
.# #.# ##.# #
..# #.# #.# #
#.# #.# #.#
.###.# #.# ###
#.# ...# #.# ...
..# ##.### #.#
.. ### .)...#
###.######.#
##.#.#
#......@hrw# #)#
#
#.#######55≈≈...
#.#.# #. §.≈≈≈..
##.#.#####
......∩
...>....#
#.≈≈...
...#.##.# .≈≈...
#..#..# .##≈≈.
#..# .# .# ≈≈.
#..# .# ..


You could see a worm, Natasha, a crimson imp (summoned), a river rat and a white
imp (summoned).

Vanquished Creatures
  A howler monkey (D:3)
  3 orc wizards (D:3)
  An adder (D:2)
  2 dart slugs (D:2)
  2 worms (D:2)
  4 orcs (D:3)
  8 ball pythons
  2 endoplasms
  3 giant cockroaches
  3 hobgoblins
  8 jackals
  2 kobolds
  A quokka (D:1)
  8 bats
  3 frilled lizards
  8 goblins
  10 rats
69 creatures vanquished.

Vanquished Creatures (others)
  An orc wizard (D:3)
1 creature vanquished.

Grand Total: 70 creatures vanquished

Notes
Turn   | Place    | Note
-------+----------+-------------------------------------------
     0 | D:1      | siradein the Demonspawn Gladiator began the quest for the
                  | Orb.
     0 | D:1      | Reached XP level 1. HP: 16/16 MP: 1/1
     3 | D:1      | Noticed an electric eel
     4 | D:1      | Noticed an electric eel
   223 | D:1      | Reached skill level 3 in Long Blades
   331 | D:1      | Gained mutation: You have sharp toenails. [demonic
                  | ancestry]
   331 | D:1      | Reached XP level 2. HP: 18/22 MP: 2/2
   991 | D:2      | Gained mutation: You have razor-sharp toenails. [demonic
                  | ancestry]
   991 | D:2      | Reached XP level 3. HP: 27/27 MP: 3/3
  1041 | D:2      | Found a snail-covered altar of Cheibriados.
  1083 | D:2      | Reached skill level 4 in Long Blades
  1639 | D:2      | Gained mutation: You are partially covered in icy blue
                  | scales. (AC +2) [demonic ancestry]
  1639 | D:2      | Reached XP level 4. HP: 32/33 MP: 4/4
  1826 | D:3      | Reached skill level 5 in Long Blades
  1838 | D:3      | Reached XP level 5. HP: 25/38 MP: 5/5
  2005 | D:3      | Found a faded altar of an unknown god.
  2023 | D:3      | Found a glowing drain.
  2027 | D:3      | Noticed Natasha
  2053 | D:3      | Slain by Natasha

Illustrated notes

Levels and vault maps discovered:
D:1:      arrival_aquarium_b, layout_rooms, hangedman_feature_mirror
D:2:      layout_loops_cross, basic_altar
D:3:      layout_loops_ring, ashenzari_altar_1, fedhas_altar_4, serial_glass,
          glass_columns_a, glass_columns_a,
          hellmonk_ecumenical_altar_leap_of_faith,
          cheibrodos_sewer_entry_sluice, uniq_jessica, uniq_natasha

Skill      XL: |  1  2  3  4 |
---------------+-------------+-----
Long Blades    | 3 4 5 |  5.7
Fighting       | |  2.0
Throwing       | |  1.7
Dodging        | |  2.6

Action                   |  1- 3 |  4- 6 || total
-------------------------+-------+-------++-------
Melee: Long sword        |    84 |    74 ||   158
       Kick              |    23 |    21 ||    44
 Stab: Sleeping          |     2 |       ||     2
Armor: Leather armour    |    33 |    21 ||    54
Dodge: Dodged            |    61 |    59 ||   120
       Rpst.: Long sword |    23 |    18 ||    41

Table legend: (Time is in decaauts)
 A = Elapsed time spent in this place.
 B = Non-inter-level travel time spent in this place.
 C = Inter-level travel time spent in this place.
 D = Time resting spent in this place.
 E = Time spent auto-exploring this place.
 F = Levels seen in this place.
 G = Mean time per level.
                   A        B        C        D        E       F      G
               +--------+--------+--------+--------+--------+-----+--------+
         Total |   2081 |   2049 |     32 |      7 |   1542 |   3 |  693.7 |
       Dungeon |   2081 |   2049 |     32 |      7 |   1542 |   3 |  693.7 |
               +--------+--------+--------+--------+--------+-----+--------+

Top non-repeatable levels by time:
     D:1: 950 daAuts
     D:2: 816 daAuts
     D:3: 313 daAuts
